 Dungeon Crawl Stone Soup version 0.30-a0-800-g7c544603b3 (webtiles) character file.

Game seed: 9375785454330365074

368 sasquatch the Skirmisher (level 7, -1/40 HPs)
             Began as a Kobold Hunter on Feb 21, 2023.
             Was an Initiate of Ashenzari.
             Slain by a skeletal warrior
             ... wielding a +0 war axe
              (18 damage)
             ... on level 6 of the Dungeon on Feb 22, 2023.
             The game lasted 00:07:37 (4551 turns).

sasquatch the Skirmisher (Kobold Hunter)            Turns: 4551, Time: 00:07:38

Health: -1/40      AC:  6    Str:  8    XL:     7   Next: 1%
Magic:  7/7        EV: 17    Int: 10    God:    Ashenzari [......]
Gold:   272        SH:  0    Dex: 21    Spells: 6/6 levels left

rFire   . . .      SeeInvis .    a - +1 shortbow
rCold   . . .      Faith    .    (shield currently unavailable)
rNeg    . . .      Spirit   .    c - +0 leather armour
rPois   .          Reflect  .    (no helmet)
rElec   .          Harm     .    (no cloak)
rCorr   .          Rampage  .    z - +0 pair of gloves
Will    .....                    x - +1 pair of boots
Stlth   +++                      A - amulet of magic regeneration
HPRegen 0.26/turn                (no ring)
MPRegen 0.50/turn                (no ring)

@: about to teleport, weak-willed
A: small, no large weapons, nightstalker 3
a: Renounce Religion


You were on level 6 of the Dungeon.
You worshipped Ashenzari.
Ashenzari was noncommittal.
You visited 2 branches of the dungeon, and saw 7 of its levels.

You collected 272 gold pieces.

Inventory:

Hand Weapons
 a - a +1 shortbow (weapon)
 b - a +0 dagger
Missiles
 y - a throwing net
 D - 3 curare-tipped darts
Armour
 c - a +0 leather armour (worn)
 x - a +1 pair of boots (worn)
 z - a +0 pair of gloves (worn)
Jewellery
 p - an amulet of faith
 A - an amulet of magic regeneration (around neck)
Wands
 t - a wand of acid (2)
 B - a wand of mindburst (17)
Scrolls
 f - 2 scrolls of identify
 m - a scroll of fog
 u - 2 scrolls of immolation
Potions
 d - 3 potions of curing
 e - 2 potions of flight {unknown}
 i - 2 potions of berserk rage {unknown}
 k - a potion of brilliance {unknown}
 l - 2 potions of invisibility {unknown}
 n - 2 potions of degeneration {unknown}
 o - 2 potions of heal wounds {unknown}
 q - a potion of cancellation {unknown}
 r - 2 potions of mutation {unknown}
 s - a potion of magic {unknown}
 w - a potion of ambrosia {unknown}
 C - a potion of might {unknown}


   Skills:
 - Level 2.1 Fighting
 * Level 8.9 Ranged Weapons
 + Level 5.1 Dodging
 - Level 1.3 Stealth


You had 6 spell levels left.
You didn't know any spells.
Your spell library contained the following spells:

 Spells                   Type           Power      Damage    Failure   Level
 Cigotuvi's Dreadful Rot  Necr/Pois/Air  0%         N/A       63%         2
 Poisonous Vapours        Pois/Air       0%         N/A       63%         2
 Ignite Poison            Fire/Tmut/Pois 0%         N/A       86%         3
 Mephitic Cloud           Conj/Pois/Air  0%         N/A       86%         3
 Sticky Flame             Conj/Fire      0%         2d3       99%         4
 Ignition                 Fire           0%         3d3       100%        8


Dungeon Overview and Level Annotations

Branches:
Dungeon (6/15)             Temple (1/1) D:5

Altars:
Ashenzari
Fedhas
Gozag
Hepliaklqana
Nemelex Xobeh
Qazlal
Sif Muna
Trog
Uskayaw
Vehumet
Wu Jian
Xom
Yredelemnul
Zin
The Shining One

Annotations:
D:5 Sigmund


Innate Abilities, Weirdness & Mutations

You are small and have problems with some larger weapons.
You are completely attuned to the shadows.


Message History

You have reached level 7!
HP restored.
An orc comes into view. It is wielding a +0 mace.
An orc is nearby!
You shoot an arrow. The arrow hits the orc!
You kill the orc!
You hear an angry hiss.
An iguana comes into view.
A water moccasin comes into view.
You shoot an arrow.
The arrow hits the water moccasin but does no damage.
You shoot an arrow.
The arrow barely misses the water moccasin.
The water moccasin closely misses you.
The water moccasin bites you but does no damage.
You shoot an arrow.
The arrow closely misses the water moccasin.
The water moccasin barely misses you.
The water moccasin attacks as you move away!
The water moccasin barely misses you.
A skeletal warrior comes into view. It is wielding a +0 war axe.
The iguana bites you! The water moccasin misses you.
The iguana attacks as you move away! The iguana misses you.
As you read the scroll labelled YBIV BYHEBE, it crumbles to dust.
The scroll dissolves into smoke.
It was a scroll of fog.
The iguana bites you but does no damage.
As you read the scroll labelled CIOLUE QUATYWN, it crumbles to dust.
Magic quickly surges around you.
It was a scroll of vulnerability.
As you read the scroll labelled ZUNTUE XATIATHREQ, it crumbles to dust.
It is a scroll of enchant weapon.
Your +0 shortbow glows red for a moment.
As you read the scroll labelled NUUMMO NEELAPO, it crumbles to dust.
You assume a fearsome visage.
The water moccasin looks frightened!
The iguana looks frightened!
The skeletal warrior is unaffected.
It was a scroll of fear.
The skeletal warrior hits you with a +0 war axe!
Okay, then.
As you read the scroll of teleportation, it crumbles to dust.
You feel strangely unstable.
The skeletal warrior hits you with a +0 war axe!!
You die...

#.. ....
##..#....
..........
#.#....$
#.§§##.###.
###§##§....
#§@z§§...
######...
.# )


You could see a skeletal warrior (weak-willed).

Vanquished Creatures
  A phantom (D:5)
  2 scorpions (D:3)
  A howler monkey (D:4)
  5 adders
  2 worms (D:2)
  2 dart slugs
  4 orcs
  7 ball pythons
  7 endoplasms
  3 giant cockroaches
  13 goblins
  8 hobgoblins
  4 quokkas
  2 bats (D:1)
  7 frilled lizards
  6 kobolds
  6 rats
80 creatures vanquished.

Notes
Turn   | Place    | Note
-------+----------+-------------------------------------------
     0 | D:1      | sasquatch the Kobold Hunter began the quest for the Orb.
     0 | D:1      | Reached XP level 1. HP: 12/12 MP: 1/1
    80 | D:1      | Reached XP level 2. HP: 17/17 MP: 2/2
   507 | D:1      | Reached skill level 6 in Ranged Weapons
   594 | D:1      | Reached XP level 3. HP: 21/21 MP: 3/3
  1120 | D:2      | Reached XP level 4. HP: 24/26 MP: 4/4
  1693 | D:2      | Found a sparkling altar of Nemelex Xobeh.
  1962 | D:3      | Reached skill level 7 in Ranged Weapons
  2087 | D:3      | Noticed a scorpion
  2092 | D:3      | Killed a scorpion
  2093 | D:3      | Reached XP level 5. HP: 16/30 MP: 5/5
  3086 | D:3      | Reached skill level 8 in Ranged Weapons
  3086 | D:3      | Reached XP level 6. HP: 15/35 MP: 6/6
  3733 | D:5      | Entered Level 5 of the Dungeon
  3893 | D:5      | Found a staircase to the Ecumenical Temple.
  3912 | Temple   | Entered the Ecumenical Temple
  4182 | Temple   | Became a worshipper of Ashenzari the Shackled
  4258 | D:5      | Noticed Sigmund
  4324 | D:5      | Reached skill level 5 in Dodging
  4462 | D:6      | Noticed an ice beast
  4517 | D:6      | Noticed a yak
  4518 | D:6      | Noticed a yak
  4518 | D:6      | Noticed a yak
  4518 | D:6      | Noticed a yak
  4518 | D:6      | Noticed a yak
  4537 | D:6      | Reached XP level 7. HP: 39/40 MP: 7/7
  4541 | D:6      | Noticed a water moccasin
  4545 | D:6      | Noticed a skeletal warrior
  4551 | D:6      | Slain by a skeletal warrior

Illustrated notes

Levels and vault maps discovered:
D:1:      arrival_zaba_pyramid, layout_loops_ring, minmay_quantized
D:2:      minmay_wonky_spiral, layout_loops_ring, basic_altar,
          nicolae_figureground_sparkle
D:3:      layout_basic
D:4:      layout_cave_pools
D:5:      layout_gridville, lemuel_round_altar,
          minmay_temple_entry_statues_fountains, uniq_sigmund,
          uniq_crazy_yiuf_cottage
D:6:      layout_rooms, kiku_gazebo_pond_becter, st_stairs_7
Temple:   regret_index_temple_generic_petals

Skill      XL: |  1  2  3  4  5  6 |
---------------+-------------------+-----
Ranged Weapons | 6 7 8 |  8.9
Dodging        | 3 4 5 |  5.1
Fighting       | |  2.1
Stealth        | |  1.3

Action                     |  1- 3 |  4- 6 |  7- 9 || total
---------------------------+-------+-------+-------++-------
   Fire: Shortbow          |    81 |   148 |     4 ||   233
  Evoke: Wand              |       |     1 |       ||     1
    Use: Scroll            |       |     2 |     5 ||     7
 Armour: Leather armour    |     7 |    14 |     2 ||    23
  Dodge: Dodged            |    26 |    50 |     5 ||    81

Table legend: (Time is in decaauts)
 A = Elapsed time spent in this place.
 B = Non-inter-level travel time spent in this place.
 C = Inter-level travel time spent in this place.
 D = Time resting spent in this place.
 E = Time spent auto-exploring this place.
 F = Levels seen in this place.
 G = Mean time per level.
                   A        B        C        D        E       F      G
               +--------+--------+--------+--------+--------+-----+--------+
         Total |   4600 |   4311 |    289 |     98 |   3618 |   7 |  657.1 |
       Dungeon |   4291 |   4068 |    223 |     98 |   3390 |   6 |  715.2 |
        Temple |    308 |    242 |     66 |      0 |    228 |   1 |  308.0 |
               +--------+--------+--------+--------+--------+-----+--------+

Top non-repeatable levels by time:
     D:3: 1265 daAuts
     D:2: 987 daAuts
     D:1: 919 daAuts
     D:4: 608 daAuts
     D:5: 448 daAuts
  Temple: 308 daAuts
     D:6: 63 daAuts
